AoeStats
← Random

Four Lakes

502996978Analyzed
4v4 RM · 1mo ago on Aug 29, 2026· 17m 27s· 8 players
Game mode
Random Map
Map size
Large (8 player)
Population
200
Speed
Normal
Resources
Standard
Victory
Conquest
Starting age
Dark Age
Ending age
Imperial Age
RankedLock teamsTeams togetherTeam positionsShared explorationLock speedFull tech treeHidden civsTurbo modeCheats
Victory
Defeat
🇨🇷 Khitans · Costa Rica
1717
+11
🇨🇷 Poles · Costa Rica
1698
+12
🇨🇷 Saracens · Costa Rica
1674
+13
🇨🇷 Goths · Costa Rica
1585
+17
🇺🇸 Lithuanians · United States
1682
-17
🇦🇺 Aztecs · Australia
1616
-14
🇺🇸 Malay · United States
1572
-12
🇺🇸 Gurjaras · United States
1542
-10
PEPPA
5:25 Loom
9:42 Feudal Age
13:56 Double-Bit Axe
PaRappa56
10:41 Feudal Age
11:57 Loom
16:38 Castle Age
16:09 Double-Bit Axe
16:14 Arson
Freidle
4:40 Loom
10:45 Feudal Age
12:27 Double-Bit Axe
17:29 Fletching
Random
10:18 Feudal Age
12:45 Double-Bit Axe
12:41 Horse Collar
13:49 Fishing Lines
15:47 Scale Barding Armor
16:22 Forging
CR | NamelessGuy
4:33 Loom
13:12 Feudal Age
14:13 Double-Bit Axe
14:24 Gold Mining
17:01 Fletching
CR | El Dani
0:26 Loom
9:49 Feudal Age
10:21 Fishing Lines
11:03 Double-Bit Axe
CR | nwMan
7:24 Loom
9:52 Feudal Age
10:19 Double-Bit Axe
10:46 Town Watch
12:41 Horse Collar
12:49 Fishing Lines
16:28 Forging
19:59 Castle Age
DS_John III
6:51 Loom
9:41 Feudal Age
10:25 Double-Bit Axe
13:45 Forging
Connection lost

Rejoining the realm…

Still unreachable

The connection could not be restored.

Session expired

The server has moved on; the page needs a fresh start.